 Dungeon Crawl Stone Soup version 0.29.1-15-g9cfb28693d (webtiles) character file.

Game seed: 18353226861046155748

212 Peloso the Shield-Bearer (level 5, 0/47 HPs)
             Began as a Minotaur Fighter on Apr 6, 2023.
             Was an Initiate of Okawaru.
             Slain by a gnoll
             ... wielding a +0 flail
             ... led by a gnoll bouda
              (3 damage)
             ... on level 4 of the Dungeon.
             The game lasted 00:04:52 (2949 turns).

Peloso the Shield-Bearer (Minotaur Fighter)         Turns: 2949, Time: 00:04:54

Health: 0/47       AC:  8    Str: 21    XL:     5   Next: 58%
Magic:  4/4        EV:  9    Int:  5    God:    Okawaru [......]
Gold:   157        SH:  5    Dex: 11    Spells: 4/4 levels left

rFire   + . .      SeeInvis .   a - +0 long sword
rCold   . . .      Faith    .   c - +0 buckler
rNeg    . . .      Spirit   .   b - +0 scale mail
rPois   .          Reflect  .   (helmet restricted)
rElec   .          Harm     .   (no cloak)
rCorr   .          Rampage  .   k - +0 pair of gloves
Will    .....                   (no boots)
Stlth   ..........              (no amulet)
HPRegen 0.15/turn               m - ring of protection from fire
MPRegen 0.09/turn               (no ring)

@: no status effects
A: horns 2, retaliatory headbutt
a: Renounce Religion


You were on level 4 of the Dungeon.
You worshipped Okawaru.
Okawaru was noncommittal.
You visited 1 branch of the dungeon, and saw 4 of its levels.

You collected 157 gold pieces.

Inventory:

Hand Weapons
 a - a +0 long sword (weapon)
Armour
 b - a +0 scale mail (worn)
 c - a +0 buckler (worn)
 k - a +0 pair of gloves (worn)
Jewellery
 e - a ring of resist corrosion
 m - a ring of protection from fire (left hand)
 r - a ring of wizardry
Scrolls
 f - 2 scrolls of immolation
 g - a scroll of vulnerability {unknown}
 h - 2 scrolls of enchant armour {unknown}
 i - a scroll of noise
 j - a scroll of teleportation {unknown}
 n - 2 scrolls of identify
 o - a scroll of fear {unknown}
Potions
 d - 2 potions of might
 l - a potion of curing
 p - a potion of magic
 q - a potion of brilliance {unknown}
 s - a potion of invisibility {unknown}


   Skills:
 + Level 4.7 Fighting
 + Level 4.1 Long Blades
 + Level 4.8 Armour
 + Level 1.1 Dodging
 + Level 5.0 Shields


You had 4 spell levels left.
You didn't know any spells.
Your spell library contained the following spells:

 Spells                   Type           Power      Damage    Failure   Level
 Blink                    Tloc           0%         N/A       95%         2
 Lesser Beckoning         Tloc           0%         N/A       99%         3
 Freezing Cloud           Conj/Ice/Air   0%         6-21      100%        5
 Manifold Assault         Tloc           0%         N/A       100%        5
 Polar Vortex             Ice            0%         N/A       100%        9
 Simulacrum               Ice/Necr       Unusable   N/A       N/A         6

Dungeon Overview and Level Annotations

Branches:
Dungeon (4/15)             Temple (0/1) D:4

Altars:
Okawaru


Innate Abilities, Weirdness & Mutations

You have a pair of horns on your head.
You reflexively headbutt those who attack you in melee.


Message History

Your attacks no longer feel as feeble.
The gnoll bouda utters an invocation to its god.
The gnoll bouda is healed somewhat.
The gnoll hits you from afar with a +0 spear.
The gnoll bouda utters an invocation to its god.
The gnoll bouda is healed somewhat.
You hit the gnoll bouda but do no damage.
You headbutt the gnoll bouda.
The gnoll bouda is severely wounded.
You block the gnoll's attack. The gnoll bouda misses you.
You block the gnoll's attack.
You hit the gnoll bouda.
The gnoll bouda is severely wounded.
The gnoll bouda prays to its god.
The gnoll bouda is healed somewhat.
The gnoll hits you from afar with a +0 spear.
You slash the gnoll bouda!
You headbutt the gnoll bouda, but do no damage.
The gnoll bouda is almost dead.
The gnoll is no longer moving quickly.
The gnoll bouda hits you but does no damage.
The gnoll barely misses you.
You slash the gnoll bouda!
You kill the gnoll bouda!
Okawaru accepts your kill.
The gnoll hits you from afar with a +0 spear!
Your Shields skill increases to level 5!
The gnoll hits you with a +0 spear.
Things that are here:
a +0 whip; a +0 leather armour; a gnoll corpse You barely miss the gnoll.
The gnoll is no longer moving quickly.
The gnoll hits you but does no damage.
You barely miss the gnoll.
You headbutt the gnoll, but do no damage.
The gnoll hits you with a +0 flail!
* * * LOW HITPOINT WARNING * * *
The gnoll hits you with a +0 spear!
* * * LOW HITPOINT WARNING * * *
The gnoll hits you with a +0 flail.
You die...

#.......##....
####.#........
##########.....#..##
#....g...###.#......
#.######.......#..##
#.# #####........
#.# #.....#.#####
#.## #.###g#.#
#####..#####.# #@g.#
#.........##.###.###
#.#
#.####.##.##.....#
#.# #.#
#g##.##.....# #.#
#.# ##.##.##....<#
#.# #.#
#..##.##.....# ...
#># #.###.##.....#
#.# #.# #.#
#.##.....# #g#
#.###g###.######## #
#.#


You could see 2 gnolls.

Vanquished Creatures
  A gnoll bouda (D:4)
  An orc wizard (D:3)
  9 adders
  4 dart slugs
  3 orcs (D:3)
  4 endoplasms
  4 giant cockroaches
  7 goblins
  5 hobgoblins
  4 jackals
  7 kobolds
  3 quokkas
  2 ball pythons (D:1)
  3 bats (D:1)
  2 frilled lizards
  8 rats
67 creatures vanquished.

Notes
Turn   | Place    | Note
-------+----------+-------------------------------------------
     0 | D:1      | Peloso the Minotaur Fighter began the quest for the Orb.
     0 | D:1      | Reached XP level 1. HP: 19/19 MP: 0/0
   271 | D:1      | Reached XP level 2. HP: 25/27 MP: 1/1
   538 | D:1      | Reached skill level 4 in Shields
   922 | D:2      | Found a faded altar of an unknown god.
   930 | D:2      | Reached XP level 3. HP: 29/33 MP: 2/2
  1336 | D:2      | Reached XP level 4. HP: 38/41 MP: 3/3
  1597 | D:3      | Reached skill level 1 in Dodging
  1665 | D:3      | Found an iron altar of Okawaru.
  1690 | D:3      | Became a worshipper of Warmaster Okawaru
  2010 | D:3      | Reached XP level 5. HP: 28/47 MP: 4/4
  2501 | D:4      | Found a staircase to the Ecumenical Temple.
  2697 | D:4      | HP: 2/47 [gnoll bouda/+0 whip (7)]
  2947 | D:4      | Reached skill level 5 in Shields
  2949 | D:4      | Slain by a gnoll

Illustrated notes

Levels and vault maps discovered:
D:1:      nzn_arrival_crosshair, layout_loops_ring
D:2:      layout_rooms, basic_ecumenical_altar, kennysheep_generic_room_5
D:3:      minmay_general_purpose_star, layout_rooms, okawaru_gym_becter
D:4:      layout_loops_cross, minmay_temple_entry_drinking_statues, uniq_natasha

Skill      XL: |  1  2  3  4  5 |
---------------+----------------+-----
Shields        | 4 5 |  5.0
Fighting       | 4 |  4.7
Long Blades    | 3 4 |  4.1
Armour         | 4 |  4.8
Dodging        | 1 |  1.1

Action                   |  1- 3 |  4- 6 || total
-------------------------+-------+-------++-------
Melee: Long sword        |    88 |   112 ||   200
       Headbutt          |    11 |    20 ||    31
  Use: Potion            |     1 |     1 ||     2
       Scroll            |     3 |     5 ||     8
Armor: Scale mail        |    58 |    50 ||   108
Dodge: Dodged            |    36 |    54 ||    90
Block: Buckler           |    26 |    33 ||    59
